 Dungeon Crawl Stone Soup version 0.31-a0-18-gea43df2a32 (webtiles) character file.

Game seed: 3153713186740244230

4 hwolsky the Sneak (level 1, 8/10 HPs)
             Began as a Felid Delver on May 10, 2023.
             Got out of the dungeon alive.
             The game lasted 00:02:32 (349 turns).

hwolsky the Sneak (Felid Delver)                     Turns: 349, Time: 00:02:33

Health: 8/10       AC:  1    Str:  8    XL:     1   Next: 50%
Magic:  2/2        EV: 17    Int: 11    God:
Gold:   29         SH:  0    Dex: 17    Spells: 0/0 levels left
                                        Lives:  0   Deaths: 0

rFire   . .          .
                       - Unarmed
rCold   . . .        (shield unavailable)
rNeg    . . .        (body armour unavailable)
rPois   .            (helmet unavailable)
rElec   .            (cloak unavailable)
rCorr   .            (gloves unavailable)
SInv    +            (boots unavailable)
Will    .....        (no amulet)
Stlth   ++++         (no ring)
HPRegen 0.21/turn    (no ring)
MPRegen 0.08/turn

%: no passive effects
@: quick
A: very small, claws 1, fangs 3, see invisible, speed 1, shaggy fur 1, stealthy
paws, no weapons or thrown items, no armour, multi-lived
a: no special abilities


You escaped.
You visited 1 branch of the dungeon, and saw 5 of its levels.

You collected 29 gold pieces.

Inventory:

Jewellery
 f - an amulet of faith
Wands
 e - a wand of digging (1)
Scrolls
 c - 2 scrolls of fear
 g - a scroll of poison {unknown}
 h - a scroll of amnesia {unknown}
 i - a scroll of enchant weapon {unknown}
 j - a scroll of teleportation {unknown}
Potions
 d - a potion of haste
 k - a potion of mutation {unknown}


   Skills:
 + Level 3.0 Fighting
 + Level 2.8 Dodging
 + Level 6.6 Stealth
 + Level 2.1 Unarmed Combat


You couldn't memorise any spells.
You didn't know any spells.
Your spell library was empty.

Dungeon Overview and Level Annotations

Branches:
Dungeon (5/15) Zot: 26871
 Temple: D:4-7

Altars:


Innate Abilities, Weirdness & Mutations

You have sharp claws.
You have razor-sharp teeth.
You have supernaturally acute eyesight. (SInv)
You cover ground quickly. (Speed+)
You are covered in fur. (AC +1)
Your paws help you pounce on unaware monsters.
You are incapable of wielding weapons or throwing items.
You cannot wear armour.
You gain extra lives every three experience levels.


Message History

You scratch the endoplasm.
The endoplasm is severely wounded.
The endoplasm hits you.
You scratch the endoplasm. You bite the endoplasm.
You kill the endoplasm!
k - a bubbling pink potion You open the door.
There is an open door here.
A ball python and a frilled lizard come into view.
As you read the scroll of magic mapping, it crumbles to dust.
You feel aware of your surroundings.
You sensed 1 altar.
An endoplasm comes into view.
The endoplasm quivers.
You scratch the endoplasm.
The endoplasm is heavily wounded.
The endoplasm freezes you.
You are frozen.
Ouch! That really hurt!
You scratch the endoplasm.
The endoplasm is heavily wounded.
The endoplasm hits you.
* * * LOW HITPOINT WARNING * * *
You scratch the endoplasm.
You kill the endoplasm!
Aiming: Dig
Press: ? - help, Q - select action, (/) - cycle Shift-Dir - straight line You can't see that place.
The rock shatters into small pieces.
As you read the scroll of fog, it crumbles to dust.
The scroll dissolves into smoke.
Aiming: Dig
Press: ? - help, Q - select action, (/) - cycle Shift-Dir - straight line A rock wall.
The rock shatters into small pieces.
Found 13 gold pieces.
Found a staircase leading out of the dungeon.
You now have 29 gold pieces (gained 13).
There is a staircase leading out of the dungeon here.
Are you sure you want to leave the Dungeon?
This will make you lose the game!
You have escaped!

##+#'## #.#.# *****,*,,,,,,,,
.....# #.#.# *,,,,,,,,,,
##.##########.#.#******,,,,,,,,,*
#............#.#*,,,,,,,,,,,,,,,
*##############.#*,****,,,,,,**,*
,.....§§§§§§....#*,,,,,,,,,,,,,,,
,..#####§####.###********,***,,,*
,,,**##..♣♣♣♣♣♣♣♣♣♣♣♣♣♣♣,,***,***
,*,,*#..........@.......,,,,,,,*,
,#....#..♣♣♣♣♣♣♣♣♣♣♣♣♣♣♣,,,,,*,*,
,###....##***************,,,,,,*,
,,......,,,,,,,,,,,,,,,,,,,,**,*,
,..#####,*,**,********,,*,,,****,
,..,,,,,,*,**,* **,,,,,,,,,,
,,,,,,,,,,,*************,,,*,***,
,*,*********,,,,,,,,,,,,,,,*,* *,
,,,,,,,,,,,,,,,,,,,,,,,,,,,*,* *,


There were no monsters in sight!

Vanquished Creatures
  2 endoplasms (D:1)
  A ball python (D:1)
  A rat (D:1)
4 creatures vanquished.

Notes
Turn   | Place    | Note
-------+----------+-------------------------------------------
     0 | D:5      | hwolsky the Felid Delver began the quest for the Orb.
     0 | D:5      | Reached XP level 1. HP: 10/10 MP: 2/2
   108 | D:3      | Noticed an orc wizard
   349 | D:$      | Got out of the dungeon alive.

Illustrated notes

Levels and vault maps discovered:
D:1:      eino_arrival_tree_alley, layout_basic,
          hellmonk_ecumenical_altar_leap_of_faith, st_stairs_1, fountainhead,
          wander_ebering_terrifying_dragon_lair
D:2:      layout_loops_corners, uniq_sigmund
D:3:      layout_loops_ring, serial_shops, nicolae_shop_mannequins, uniq_robin
D:4:      layout_cave_pools, mainiacjoe_overflow_concentric_impassable,
          old_standard_altar, mainiacjoe_overflow_catwalk
D:5:      layout_rooms, grunt_dithmenos_shadows, minmay_temple_entry_hall

Action                     || total
---------------------------++-------
  Melee: Unarmed           ||    12
         Bite              ||     1
  Evoke: Wand              ||     2
    Use: Scroll            ||     2
  Dodge: Dodged            ||     4

Table legend: (Time is in decaauts)
 A = Elapsed time spent in this place.
 B = Non-inter-level travel time spent in this place.
 C = Inter-level travel time spent in this place.
 D = Time resting spent in this place.
 E = Time spent auto-exploring this place.
 F = Levels seen in this place.
 G = Mean time per level.
                   A        B        C        D        E       F      G
               +--------+--------+--------+--------+--------+-----+--------+
         Total |    289 |    289 |      0 |     21 |      0 |   5 |   57.8 |
       Dungeon |    289 |    289 |      0 |     21 |      0 |   5 |   57.8 |
               +--------+--------+--------+--------+--------+-----+--------+

Top non-repeatable levels by time:
     D:1: 128 daAuts
     D:2: 62 daAuts
     D:5: 44 daAuts
     D:3: 30 daAuts
     D:4: 22 daAuts
